AoeStats
← Panoutx

Coastal Forest

510830019Analyzed
2v2 RM · 1d ago on Oct 2, 2026· 51m 54s· 4 players
Game mode
Random Map
Map size
Medium (4 player)
Population
200
Speed
Normal
Resources
Standard
Victory
Conquest
Starting age
Dark Age
Ending age
Imperial Age
RankedLock teamsTeams togetherTeam positionsShared explorationLock speedFull tech treeHidden civsTurbo modeCheats
Victory
Defeat
🇦🇷 Persians · Argentina
1267
+16
🇦🇷 Malians · Argentina
1192
+18
🇪🇸 Vikings · Spain
1257
-17
🇪🇸 Wei · Spain
1257
-17
AASC | TITO_PUENTE
7:44 Loom
9:43 Feudal Age
12:00 Horse Collar
16:30 Bloodlines
20:49 Castle Age
19:48 Double-Bit Axe
20:24 Scale Barding Armor
21:13 Forging
21:52 Chain Barding Armor
22:20 Husbandry
23:18 Gold Mining
25:30 Iron Casting
28:31 Gold Shaft Mining
29:04 Town Watch
35:00 Imperial Age
33:17 Wheelbarrow
34:19 Town Patrol
34:49 Cavalier
35:55 Heavy Camel Rider
37:04 Conscription
37:53 Murder Holes
38:26 Stone Mining
40:12 Chemistry
39:34 Ballistics
41:27 Plate Barding Armor
41:53 Blast Furnace
43:12 Fletching
45:30 Citadels
44:48 Savar
49:38 Hand Cart
AASC | FreakinTinto
4:57 Loom
10:52 Feudal Age
11:31 Double-Bit Axe
11:35 Man-at-Arms
21:58 Castle Age
20:17 Gold Mining
20:09 Horse Collar
20:21 Stone Mining
21:08 Scale Barding Armor
20:58 Fletching
21:22 Forging
25:15 Iron Casting
24:40 Scale Mail Armor
27:17 Wheelbarrow
28:02 Town Watch
28:33 Hand Cart
39:19 Imperial Age
37:48 Bloodlines
37:38 Husbandry
39:52 Scale Barding Armor
40:22 Light Cavalry
41:12 Farimba
42:01 Chain Barding Armor
47:56 Conscription
47:07 Cavalier
48:54 Bow Saw
jmunozi
6:23 Loom
8:57 Feudal Age
9:01 Man-at-Arms
12:37 Double-Bit Axe
20:30 Castle Age
18:44 Gold Mining
19:18 Forging
19:09 Scale Mail Armor
19:11 Horse Collar
19:32 Arson
21:11 Squires
22:15 Chain Mail Armor
25:15 Iron Casting
33:28 Bow Saw
33:24 Heavy Plow
33:24 Fletching
33:34 Padded Archer Armor
33:02 Crossbowman
33:53 Bow Saw
36:19 Bodkin Arrow
36:39 Leather Archer Armor
39:15 Imperial Age
36:31 Town Watch
37:30 Masonry
37:00 Treadmill Crane
39:06 Ballistics
40:03 Bracer
40:33 Ring Archer Armor
41:05 Chemistry
40:35 Architecture
40:11 Siege Engineers
41:52 Arbalester
43:12 Town Patrol
44:32 Crop Rotation
46:13 Conscription
46:17 Bogsveigar
48:16 Hoardings
50:30 Elite Varangian Guard
53:18 Blast Furnace
52:48 Plate Mail Armor
51:40 Pikeman
Panoutx
7:02 Loom
9:21 Feudal Age
9:55 Double-Bit Axe
9:52 Horse Collar
17:34 Wheelbarrow
18:41 Gold Mining
21:51 Castle Age
19:53 Fletching
20:14 Town Watch
20:27 Stone Mining
20:45 Padded Archer Armor
20:57 Forging
24:31 Heavy Plow
25:17 Bow Saw
28:05 Thumb Ring
29:48 Husbandry
31:25 Bloodlines
33:06 Ballistics
36:06 Imperial Age
36:51 Tuntian
38:29 Parthian Tactics
38:04 Bodkin Arrow
38:24 Leather Archer Armor
39:13 Conscription
41:06 Chemistry
40:35 Bracer
47:22 Ring Archer Armor
Connection lost

Rejoining the realm…

Still unreachable

The connection could not be restored.

Session expired

The server has moved on; the page needs a fresh start.